 Dungeon Crawl Stone Soup version 0.28-a0-172-g787e458d71 (webtiles) character file.

Game seed: 17953695976891875696

263641 Anon1729 the Warrior (level 19, -13/188 HPs)
             Began as a Minotaur Monk on Aug 16, 2021.
             Was a Priest of Uskayaw.
             Hit by a javelin thrown by a merfolk javelineer (20 damage)
             ... on level 4 of the Shoals.
             The game lasted 01:05:04 (44227 turns).

Anon1729 the Warrior (Minotaur Monk)               Turns: 44227, Time: 01:05:04

Health: -13/188    AC: 14    Str: 15    XL:     19   Next: 63%
Magic:  15/28      EV: 27    Int:  7    God:    Uskayaw [***...]
Gold:   2254       SH:  0    Dex: 24    Spells: 18/18 levels left

rFire   + . .      SeeInvis +   a - +9 quick blade (freeze)
rCold   + . .      Faith    +   (no shield)
rNeg    + . .      Spirit   .   z - +1 robe "Loxt" {*Slow Slay+3 SInv Stlth+}
rPois   +          Reflect  .   u - +1 hat
rElec   .          Harm     .   r - +1 cloak of the Catamount {rC+}
rCorr   +          Rampage  .   k - +2 pair of gloves
Will    +++..                   h - +2 pair of boots
Stlth   +++.......              V - amulet of faith
HPRegen 1.41/turn               I - ring "Worabuze" {rPois rN+ SInv}
MPRegen 0.21/turn               e - ring "Yqeampeeti" {rF+ Will+ rCorr Str-4 Dex+6}

@: studying Unarmed Combat
A: horns 2, retaliatory headbutt, deterioration 2, strong-willed 1, regeneration
1
}: 1/15 runes: serpentine
a: Renounce Religion, Stomp, Line Pass


You were on level 4 of the Shoals.
You worshipped Uskayaw.
Uskayaw was pleased with you.
You visited 5 branches of the dungeon, and saw 31 of its levels.
You visited the Abyss 1 time.
You also visited: Ossuary and Ice Cave.

You collected 3983 gold pieces.
You spent 1729 gold pieces at shops.

Inventory:

Hand Weapons
 a - a +9 quick blade of freezing (weapon)
 M - the +4 long sword of Dyttuan {elec, +Rage rC- Will+++ Int-4}
   (You found it on level 6 of the Lair of Beasts)

   It occasionally discharges a powerful burst of electricity upon striking a
   foe.
   Int:       It affects your intelligence (-4).
   rC:        It makes you vulnerable to cold.
   +Rage:     It lets you go berserk.
   Will:      It greatly increases your willpower.
Missiles
 E - 35 javelins (quivered)
 T - 3 throwing nets
Armour
 h - a +2 pair of boots (worn)
 k - a +2 pair of gloves (worn)
 r - the +1 cloak of the Catamount (worn) {rC+}
   (You found it on level 14 of the Dungeon)

   rC:        It protects you from cold.
 u - a +1 hat (worn)
 z - the +1 robe "Loxt" (worn) {*Slow Slay+3 SInv Stlth+}
   (You found it on level 6 of the Dungeon)

   Slay:      It affects your accuracy & damage with ranged weapons and melee
   (+3).
   SInv:      It lets you see invisible.
   *Slow:     It may slow you when you take damage.
   Stlth:     It makes you more stealthy.
 P - a +0 leather armour of resistance
Jewellery
 e - the ring "Yqeampeeti" (right hand) {rF+ Will+ rCorr Str-4 Dex+6}
   (You bought it in a shop on level 2 of the Orcish Mines)

   [ring of dexterity]

   Str:       It affects your strength (-4).
   Dex:       It affects your dexterity (+6).
   rF:        It protects you from fire.
   rCorr:     It protects you from acid and corrosion.
   Will:      It increases your willpower.
 l - the ring of Shadows {Umbra +Inv Stlth+}
   (You bought it in a shop on level 2 of the Orcish Mines)

   [ring of stealth]

   It surrounds you with an aura of shadow, increasing your stealth and reducing
   the accuracy of all within it (including the wearer).
   +Inv:      It lets you turn invisible.
   Stlth:     It makes you more stealthy.
 q - the ring of Uskayaw's Whim {rC+ Will+ Slay+3 SInv Stlth+}
   (You found it on level 14 of the Dungeon)

   [ring of willpower]

   Slay:      It affects your accuracy & damage with ranged weapons and melee
   (+3).
   rC:        It protects you from cold.
   SInv:      It lets you see invisible.
   Will:      It increases your willpower.
   Stlth:     It makes you more stealthy.
 I - the ring "Worabuze" (left hand) {rPois rN+ SInv}
   (You found it on level 13 of the Dungeon)

   [ring of poison resistance]

   rPois:     It protects you from poison.
   rN:        It protects you from negative energy.
   SInv:      It lets you see invisible.
 V - an amulet of faith (around neck)
Wands
 m - a wand of charming (21)
 o - a wand of digging (7)
 t - a wand of flame (57)
 w - a wand of mindburst (40)
 D - a wand of iceblast (50)
 R - a wand of polymorph (16)
 X - a wand of acid (8)
 Z - a wand of paralysis (10)
Scrolls
 b - a scroll of torment
 d - 5 scrolls of vulnerability
 i - 11 scrolls of teleportation
 j - 3 scrolls of silence
 s - 3 scrolls of enchant weapon
 v - 3 scrolls of summoning
 y - 2 scrolls of blinking
 A - 8 scrolls of fog
 H - 7 scrolls of enchant armour
 L - 6 scrolls of magic mapping
 O - 3 scrolls of fear
 Q - 2 scrolls of immolation
Potions
 f - 2 potions of cancellation
 g - 3 potions of flight
 n - 5 potions of might
 p - 2 potions of attraction
 x - 3 potions of brilliance
 B - 3 potions of heal wounds
 F - 7 potions of lignification
 G - 6 potions of haste
 J - 2 potions of magic
 K - 12 potions of curing
 N - 5 potions of mutation
 S - 3 potions of ambrosia
 W - 5 potions of berserk rage
 Y - 2 potions of invisibility {unknown}
Miscellaneous
 c - a condenser vane (inert)
 C - a phantom mirror


   Skills:
 * Level 20.8 Fighting
 * Level 19.3(19.6) Short Blades
 - Level 6.2(15.2) Long Blades
 - Level 4.8 Throwing
 - Level 12.3 Armour
 * Level 17.3 Dodging
 - Level 1.6 Stealth
 + Level 13.5 Invocations


You had 18 spell levels left.
You didn't know any spells.
Your spell library contained the following spells:

 Spells                   Type           Power      Damage    Failure   Level
 Corona                   Hex            0%         N/A       43%         1
 Freeze                   Ice            0%         1d3       43%         1
 Summon Small Mammal      Summ           0%         N/A       43%         1
 Blink                    Tloc           N/A        N/A       56%         2
 Corpse Rot               Necr/Air       N/A        N/A       56%         2
 Ensorcelled Hibernation  Hex/Ice        0%         N/A       56%         2
 Slow                     Hex            0%         N/A       56%         2
 Static Discharge         Conj/Air       0%         N/A       56%         2
 Wereblood                Tmut           0%         N/A       56%         2
 Call Canine Familiar     Summ           0%         N/A       80%         3
 Confusing Touch          Hex            0%         N/A       80%         3
 Frozen Ramparts          Ice            0%         1d2       80%         3
 Lesser Beckoning         Tloc           0%         N/A       80%         3
 Summon Guardian Golem    Hex/Summ       0%         N/A       80%         3
 Tukima's Dance           Hex            0%         N/A       80%         3
 Animate Armour           Summ/Erth      0%         N/A       99%         4
 Cause Fear               Hex            0%         N/A       99%         4
 Dispel Undead            Necr           0%         3d6       99%         4
 Hailstorm                Conj/Ice       0%         3d3       99%         4
 Ice Form                 Ice/Tmut       0%         N/A       99%         4
 Petrify                  Tmut/Erth      0%         N/A       99%         4
 Sticky Flame             Conj/Fire      0%         2d3       99%         4
 Blade Hands              Tmut           0%         N/A       100%        5
 Manifold Assault         Tloc           0%         N/A       100%        5
 Metabolic Englaciation   Hex/Ice        0%         N/A       100%        5
 Summon Mana Viper        Hex/Summ       0%         N/A       100%        5
 Yara's Violent Unravell  Hex/Tmut       0%         3d3       100%        5
 Death Channel            Necr           0%         N/A       100%        6
 Dispersal                Tloc           0%         N/A       100%        6
 Iron Shot                Conj/Erth      0%         9d1       100%        6
 Simulacrum               Ice/Necr       0%         N/A       100%        6
 Statue Form              Tmut/Erth      0%         N/A       100%        6
 Storm Form               Tmut/Air       0%         N/A       100%        7
 Borgnjor's Revivificati  Necr           0%         N/A       100%        8
 Disjunction              Tloc           0%         N/A       100%        8
 Necromutation            Tmut/Necr      0%         N/A       100%        8
 Death's Door             Necr           0%         N/A       100%        9


Dungeon Overview and Level Annotations

Branches:
Dungeon (15/15)            Temple (0/1) D:7            Lair (6/6) D:9
 Shoals (4/4) Lair:4        Snake (4/4) Lair:4        Slime (0/5) Lair:5
    Orc (2/2) D:9             Elf (0/3) Orc:2        Vaults (0/5) D:13
 Depths (0/5) D:15        Ossuary (visited)           IceCv (visited)

Altars:
Fedhas
Gozag
Hepliaklqana
Kikubaaqudgha
Makhleb
Qazlal
Ru
Uskayaw
The Shining One

Shops:
D:4 :   D:7 :   D:14 =   Orc:2 ==([   Snake:4 =[

Annotations:
D:5 3 runed translucent doors, Argons's ghost, amateur DDFi
Lair:3 exclusion: 2 oklob plants


Innate Abilities, Weirdness & Mutations

You have a pair of horns on your head.
You reflexively headbutt those who attack you in melee.
Your body often deteriorates upon taking damage.
You are strong-willed. (Will+)
Your natural rate of healing is unusually fast.


Message History

The merfolk is severely wounded.
The iceblast engulfs the merfolk javelineer!
The merfolk javelineer is heavily wounded.
The manticore is engulfed in poison gas.
The manticore looks even sicker.
The manticore completely misses you. The manticore closely misses you.
The manticore barely misses you.
The merfolk javelineer is engulfed in poison gas.
The merfolk javelineer looks even sicker.
The merfolk javelineer throws a javelin.
The javelin barely misses you.
The javelin pierces through the manticore!!
The manticore dies!
The merfolk javelineer is engulfed in poison gas.
The merfolk javelineer looks even sicker.
The merfolk javelineer throws a javelin.
The javelin pierces through you!
* * * LOW HITPOINT WARNING * * *
The sea snake is engulfed in poison gas.
The sea snake looks as sick as possible!
The sea snake completely misses you. You furiously retaliate!
You headbutt the sea snake.
The merfolk is engulfed in poison gas.
The merfolk looks even sicker.
The merfolk completely misses you.
Uskayaw will force your foes to helplessly watch your dance.
Okay, then.
Unknown command.
You puncture the sea snake!
The sea snake seems to slow down.
You freeze the sea snake. You headbutt the sea snake!
The sea snake is severely wounded.
You hit the sea snake. You freeze the sea snake.
The sea snake is almost dead.
The merfolk javelineer is engulfed in poison gas.
The merfolk javelineer looks as sick as possible!
The merfolk javelineer throws a javelin.
The javelin pierces through you!!
* * * LOW HITPOINT WARNING * * *
The merfolk javelineer is engulfed in poison gas.
The merfolk javelineer looks as sick as possible!
The merfolk javelineer throws a javelin.
The javelin pierces through you!!
You die...

≈.. ≈≈#..#...## #
.≈≈##≈..#...#
≈.≈≈#≈...#...#
≈..#≈..#.#...#
#≈...≈#.#....#
#≈..S≈#§....#.#
≈≈######§§.....#.
≈≈≈≈...§S○......#
≈≈≈≈..)@§§.......#
≈≈≈...§☼§§.....P.P.
≈≈≈...mmm§.....P.PP
≈≈....§§§§......P≈
≈.....§§§.......P
≈≈......≈#≈#≈...≈
≈≈.....≈#≈≈≈#≈..≈
.......#≈≈≈≈≈#..
≈..[.. ≈ ≈≈≈..


You could see 2 merfolk javelineers, a sea snake (extremely poisoned, slow) and
a merfolk (very poisoned).

Vanquished Creatures
  Rupert (D:12)
  The ghost of wineyard the Ogre Mage, an adept OgWz of Vehumet (D:14)
  2 liches (D:14)
  A quicksilver dragon (Snake:4)
  Frances (Shoals:2)
  A kraken (Shoals:1)
  Kirke (Lair:4)
  Donald (Snake:4)
  5 nagarajas
  Ilsuiw (Shoals:4)
  Louise (D:14)
  A ghoul (Abyss:2)
  A reaper (IceCv)
  A starcursed mass (Abyss:2)
  The ghost of Plog the Spear-Bearer, a journeyman DsBe of Trog (D:13)
  The ghost of Bebiodoess the Protected, a journeyman DsBe of Trog (D:14)
  2 dire elephants (Lair:6)
  Snorg (D:14)
  The ghost of Totusom the Carver, a journeyman MiFi of Yredelemnul (D:14)
  2 ettins (Orc:2)
  4 merfolk javelineers
  2 merfolk impalers
  9 naga warriors
  5 salamander tyrants
  3 boulder beetles
  5 ogre magi
  12 hydras
  2 ice dragons (D:15)
  A catoblepas (D:13)
  5 merfolk aquamancers
  14 two-headed ogres
  A merfolk avatar (Shoals:3)
  11 anacondas
  3 centaur warriors
  2 alligator snapping turtles
  A satyr (Shoals:4)
  An orc high priest (Orc:1)
  5 tengu warriors
  6 death yaks
  8 naga sharpshooters
  4 shock serpents
  2 spectral death yaks (Lair:6)
  9 sea snakes
  5 salamander mystics
  A spatial maelstrom (Abyss:2)
  A golden dragon zombie (Abyss:2)
  3 skeletal warriors (D:13)
  9 naga ritualists
  A lindwurm (Lair:4)
  Pikel (D:4)
  A deep elf archer (D:14)
  An obsidian statue (Lair:6)
  3 deep elf pyromancers
  4 necromancers (Lair:6)
  11 harpies
  An orb spider (Abyss:2)
  4 ugly things
  15 salamanders
  12 mana vipers
  A shining eye (Lair:4)
  7 manticores
  2 oklob plants
  21 fauns
  A moth of wrath (D:13)
  7 cyclopes
  9 merfolk sirens
  20 elephants
  4 guardian serpents
  A smoke demon (Abyss:2)
  2 ice statues (IceCv)
  Joseph (D:8)
  6 water nymphs
  30 black mambas
  A guardian serpent (shapeshifter) (D:15)
  A gargoyle (D:14)
  16 cane toads
  Maggie (Lair:2)
  13 naga magi
  3 unseen horrors
  6 komodo dragons
  2 anaconda simulacra (IceCv)
  A kobold demonologist (D:12)
  2 rime drakes (Lair:6)
  3 efreet
  4 freezing wraiths
  A tormentor (Abyss:2)
  7 ice devils (IceCv)
  4 tengu conjurers
  7 trolls
  A meliai (shapeshifter) (D:13)
  A meliai (D:15)
  22 merfolk
  A polar bear (shapeshifter) (D:13)
  2 polar bears
  Prince Ribbit (D:5)
  A hornet (shapeshifter) (D:13)
  3 wind drakes
  27 blink frogs
  21 dream sheep
  5 slime creatures (D:14)
  13 snapping turtles
  A shadow (D:13)
  A redback (D:13)
  3 large abominations (Abyss:2)
  A dire elephant simulacrum (Lair:6)
  8 water elementals
  4 wyverns
  A yak (shapeshifter) (D:13)
  7 hogs (Lair:4)
  28 yaks
  10 wraiths
  4 basilisks
  A neqoxec (Abyss:2)
  A death yak simulacrum (IceCv)
  12 vampire mosquitoes
  A spatial vortex (Abyss:2)
  2 wargs
  33 nagas
  2 spectral cane toads (Lair:6)
  12 water moccasins
  5 acid dragons
  An acid dragon (shapeshifter) (D:14)
  10 orc warriors
  2 hornet zombies (D:8)
  2 black bears
  3 wolves (Lair:5)
  30 ogres
  A necrophage (D:4)
  11 centaurs
  A phantom (D:6)
  9 boggarts
  2 small abominations (Abyss:2)
  2 gnoll sergeants
  3 cane toad simulacra
  3 scorpions (D:5)
  12 bullfrogs
  2 two-headed ogre simulacra (IceCv)
  A water moccasin zombie (Ossuary)
  15 killer bees
  2 elephant simulacra (Lair:6)
  7 wights
  12 electric eels
  5 howler monkeys
  A quasit (Abyss:2)
  6 centaur zombies
  2 hounds (D:5)
  4 bullfrog zombies
  15 orc priests
  3 jellies
  A bullfrog skeleton (D:5)
  A gnoll shaman (D:4)
  16 mummies (Ossuary)
  Natasha (thrice) (D:4)
  2 iguanas
  15 orc wizards
  Ijyb (D:5)
  Terence (D:3)
  2 hell rats (Lair:1)
  A troll simulacrum (IceCv)
  A wolf simulacrum (IceCv)
  2 polar bear simulacra (IceCv)
  3 spriggan simulacra (IceCv)
  A killer bee zombie (Ossuary)
  3 howler monkey zombies
  Robin (D:4)
  18 gnolls
  A howler monkey skeleton (D:5)
  2 naga simulacra (IceCv)
  9 adders
  7 river rats (Lair:1)
  2 shadow imps
  2 white imps (IceCv)
  7 ufetubi
  A worm (D:2)
  56 orcs
  6 endoplasms
  7 giant cockroaches
  17 goblins
  14 hobgoblins
  4 jackals (D:2)
  9 kobolds
  2 quokkas (D:2)
  7 ball pythons
  11 bats
  4 frilled lizards
  3 rats
  4 tentacles (Shoals:1)
1048 creatures vanquished.

Vanquished Creatures (others)
  A manticore (Shoals:4)
  A white imp (IceCv)
  2 bushes (Lair:6)
  57 fungi
  149 plants
  34 withered plants
244 creatures vanquished.

Grand Total: 1292 creatures vanquished

Notes
Turn   | Place    | Note
-------+----------+-------------------------------------------
     0 | D:1      | Anon1729 the Minotaur Monk began the quest for the Orb.
     0 | D:1      | Reached XP level 1. HP: 19/19 MP: 0/0
   338 | D:1      | You fall into a shaft and drop 1 floor!
   344 | D:2      | Reached XP level 2. HP: 27/27 MP: 1/1
   664 | D:1      | Reached skill level 1 in Armour
   666 | D:1      | Reached skill level 4 in Fighting
   945 | D:1      | Found a faded altar of an unknown god.
   955 | D:1      | Reached XP level 3. HP: 32/33 MP: 2/2
   964 | D:1      | Became a worshipper of Uskayaw the Reveller
   964 | D:1      | Reached * piety under Uskayaw
   964 | D:1      | Reached ** piety under Uskayaw
  1964 | D:2      | Reached XP level 4. HP: 40/40 MP: 3/3
  2682 | D:3      | Noticed Terence
  2705 | D:3      | Killed Terence
  2706 | D:3      | Reached skill level 5 in Long Blades
  3184 | D:4      | Found Upilokot's Book Shop.
  3846 | D:4      | Noticed a necrophage
  3853 | D:4      | Killed a necrophage
  3853 | D:4      | Reached *** piety under Uskayaw
  3854 | D:4      | Reached skill level 1 in Invocations
  3854 | D:4      | Reached XP level 5. HP: 41/47 MP: 4/4
  3962 | D:4      | Noticed Natasha
  3970 | D:4      | Killed Natasha
  4070 | D:4      | Reached XP level 6. HP: 50/53 MP: 6/6
  4097 | D:4      | Noticed Robin
  4111 | D:4      | Reached **** piety under Uskayaw
  4146 | D:4      | Noticed Natasha
  4154 | D:4      | Killed Natasha
  4159 | D:4      | HP: 1/55 [Robin/puff of flame (10)]
  4793 | D:3      | Reached skill level 5 in Fighting
  5137 | D:4      | Noticed Pikel
  5139 | D:4      | Killed Robin
  5153 | D:4      | Killed Pikel
  5154 | D:4      | Reached skill level 5 in Dodging
  5154 | D:4      | Reached XP level 7. HP: 29/62 MP: 8/8
  5912 | D:4      | Noticed Natasha
  5923 | D:4      | Killed Natasha
  5924 | D:4      | Reached XP level 8. HP: 69/70 MP: 9/9
  6159 | D:5      | Entered Level 5 of the Dungeon
  6356 | D:5      | Reached skill level 6 in Fighting
  6657 | D:5      | Found a hazy altar of Hepliaklqana.
  7119 | D:5      | Reached skill level 5 in Short Blades
  7119 | D:5      | Reached skill level 5 in Armour
  7333 | D:5      | Noticed Ijyb
  7334 | D:5      | Killed Ijyb
  7359 | D:5      | Noticed Prince Ribbit
  7388 | D:5      | Reached ***** piety under Uskayaw
  7394 | D:5      | Killed Prince Ribbit
  7639 | D:5      | Found a runed translucent gate.
  7640 | D:5      | Found a runed translucent gate.
  7641 | D:5      | Found a runed translucent gate.
  7684 | D:5      | Noticed Argons's ghost (amateur DDFi)
  7709 | D:5      | Reached XP level 9. HP: 57/78 MP: 11/11
  8004 | D:6      | Reached skill level 7 in Fighting
  8201 | D:6      | Identified the +1 robe "Loxt" {*Slow Slay+3 SInv Stlth+}
  8365 | D:7      | Found Istrieri's Self-Improvement Boutique.
  9061 | D:7      | Found a staircase to the Ecumenical Temple.
  9764 | D:8      | Found a sand-covered staircase.
  9789 | Ossuary  | Entered an ossuary
  9867 | Ossuary  | Reached skill level 5 in Invocations
 10388 | D:8      | Reached skill level 8 in Fighting
 10390 | D:8      | Reached XP level 10. HP: 88/88 MP: 13/13
 10755 | D:8      | Noticed Joseph
 10761 | D:8      | Killed Joseph
 10992 | D:8      | Reached ****** piety under Uskayaw
 12179 | D:9      | Found a staircase to the Orcish Mines.
 12227 | D:9      | Found a stormy altar of Qazlal.
 12347 | D:9      | Found a staircase to the Lair.
 12590 | D:9      | Found an opulent altar of Gozag.
 12698 | D:10     | Entered Level 10 of the Dungeon
 13035 | D:10     | Reached skill level 9 in Fighting
 13214 | D:10     | Found a blossoming altar of Fedhas.
 13233 | D:10     | Noticed an oklob plant
 13245 | D:10     | Killed an oklob plant
 13246 | D:10     | Reached XP level 11. HP: 97/97 MP: 14/14
 13356 | D:10     | Found a large runed translucent door.
 13357 | D:10     | Found a large runed translucent door.
 13502 | D:10     | Noticed a two-headed ogre
 13509 | D:10     | Killed a two-headed ogre
 13510 | D:10     | Reached skill level 10 in Short Blades
 13953 | D:10     | Found an ancient bone altar of Kikubaaqudgha.
 13956 | D:10     | Found a burning altar of Makhleb.
 14047 | D:11     | Noticed a boulder beetle
 14074 | D:11     | Killed a boulder beetle
 14226 | D:11     | Found a sacrificial altar of Ru.
 14754 | D:11     | Noticed a boulder beetle
 14775 | D:11     | Killed a boulder beetle
 14986 | D:11     | Reached skill level 10 in Fighting
 15464 | Lair:1   | Entered Level 1 of the Lair of Beasts
 16415 | Lair:2   | Reached XP level 12. HP: 88/107 MP: 16/16
 16700 | Lair:2   | Noticed a four-headed hydra
 16710 | Lair:2   | Killed a four-headed hydra
 16900 | Lair:2   | Noticed Maggie
 16907 | Lair:2   | Killed Maggie
 17095 | Lair:2   | Reached skill level 10 in Armour
 17259 | Lair:2   | Reached skill level 10 in Dodging
 17924 | Lair:3   | Noticed a seven-headed hydra
 18201 | Lair:3   | Killed a seven-headed hydra
 18529 | Lair:3   | Reached skill level 11 in Fighting
 18663 | Lair:3   | Noticed a five-headed hydra
 18675 | Lair:3   | Killed a five-headed hydra
 19532 | Lair:4   | Noticed a four-headed hydra
 19542 | Lair:4   | Killed a four-headed hydra
 19654 | Lair:4   | Noticed Josephine
 19778 | Lair:4   | Noticed Josephine
 19778 | Lair:4   | Josephine changed into Josephine the raiju
 19780 | Lair:4   | Noticed Josephine
 19780 | Lair:4   | Josephine the raiju changed into Josephine the anaconda
 19784 | Lair:4   | Noticed Josephine
 19784 | Lair:4   | Josephine the anaconda changed into Josephine the shining
                  | eye
 19797 | Lair:4   | Gained mutation: You sometimes lose the ability to read
                  | scrolls when taking damage. [Josephine]
 19800 | Lair:4   | Gained mutation: Your body sometimes deteriorates upon
                  | taking damage. [Josephine]
 19801 | Lair:4   | Killed Josephine the shining eye
 19994 | Lair:4   | Got Sif Muna's Grimoire of Execration and Transformation
 20277 | Lair:4   | Found a staircase to the Shoals.
 20310 | Lair:4   | Reached XP level 13. HP: 64/116 MP: 18/18
 20618 | Lair:4   | You fall into a shaft and drop 2 floors!
 20618 | Lair:6   | Entered Level 6 of the Lair of Beasts
 21794 | Lair:6   | Reached skill level 12 in Fighting
 21923 | Lair:6   | Identified a scroll of acquirement
 21924 | Lair:6   | Acquired a +4 quick blade
 22130 | Lair:6   | Acquired a manual of Fighting
 22578 | Lair:6   | Noticed a dire elephant
 22578 | Lair:6   | Noticed a dire elephant
 23414 | Lair:6   | Killed a dire elephant
 23415 | Lair:6   | Reached skill level 13 in Fighting
 23417 | Lair:6   | Reached XP level 14. HP: 75/129 MP: 20/20
 23643 | Lair:6   | Reached skill level 10 in Invocations
 24184 | Lair:6   | Identified the +4 long sword of Dyttuan {elec, +Rage rC-
                  | Will+++ Int-4}
 24501 | Lair:5   | Reached skill level 14 in Fighting
 24614 | Lair:5   | Found a staircase to the Slime Pits.
 25385 | Lair:4   | Reached skill level 15 in Short Blades
 25480 | Lair:4   | Found a staircase to the Snake Pit.
 25483 | Lair:4   | Noticed Kirke
 25509 | Lair:4   | Killed Kirke
 26098 | D:12     | Noticed Rupert
 26376 | D:13     | Reached skill level 15 in Fighting
 26937 | D:13     | Noticed Plog's ghost (journeyman DsBe)
 26955 | D:13     | Found a transporter.
 26958 | D:13     | You fall into a shaft and drop 2 floors!
 26958 | D:15     | Entered Level 15 of the Dungeon
 27180 | D:14     | Found Iveoxt's Jewellery Boutique.
 27235 | D:14     | Noticed a lich
 27236 | D:14     | Found a runed translucent gate.
 27236 | D:14     | Found an ancient bone altar of Kikubaaqudgha.
 27236 | D:14     | Found a runed translucent gate.
 27236 | D:14     | Noticed Totusom's ghost (journeyman MiFi)
 27236 | D:14     | Noticed Bebiodoess's ghost (journeyman DsBe)
 27237 | D:14     | Found a runed translucent gate.
 27237 | D:14     | Noticed a lich
 27237 | D:14     | Noticed wineyard's ghost (adept OgWz)
 27304 | D:14     | Reached XP level 15. HP: 66/143 MP: 22/22
 27772 | D:14     | Reached skill level 16 in Fighting
 28140 | D:14     | Noticed Louise
 28148 | D:14     | Killed Louise
 28443 | D:13     | Found a gate to the Vaults.
 28459 | D:13     | Found a transporter.
 28889 | D:12     | Killed Rupert
 29935 | Orc:1    | Entered Level 1 of the Orcish Mines
 30054 | Orc:1    | Found a frozen archway.
 30064 | IceCv    | Entered an ice cave
 31245 | Orc:2    | Entered Level 2 of the Orcish Mines
 31517 | Orc:2    | Reached skill level 17 in Fighting
 31722 | Orc:2    | Found a staircase to the Elven Halls.
 31781 | Orc:2    | Found Mowavoz's Armour Shoppe.
 31781 | Orc:2    | Found Tebrufru's Jewellery Shop.
 31811 | Orc:2    | Found Opyff's Antique Weapon Shop.
 31811 | Orc:2    | Found Veneotif's Jewellery Emporium.
 32044 | Orc:2    | Bought the ring of Shadows {Umbra +Inv Stlth+} for 600 gold
                  | pieces
 32044 | Orc:2    | Found the ring of Shadows {Umbra +Inv Stlth+}
 32044 | Orc:2    | Bought the ring "Yqeampeeti" {rF+ Will+ rCorr Str-4 Dex+6}
                  | for 1129 gold pieces
 32639 | D:13     | Killed Plog's ghost
 32646 | D:13     | Identified the ring "Worabuze" {rPois rN+ SInv}
 32821 | D:14     | Noticed Snorg
 32847 | D:14     | Killed Snorg
 32848 | D:14     | Reached skill level 18 in Fighting
 32915 | D:14     | Reached XP level 16. HP: 106/157 MP: 23/23
 33960 | D:15     | Found a glowing golden altar of the Shining One.
 34000 | D:15     | Paralysed by a floating eye for 2 turns
 34217 | D:15     | Found a staircase to the Depths.
 34557 | D:14     | Killed a lich
 34560 | D:14     | Killed Totusom's ghost
 34560 | D:14     | Killed Bebiodoess's ghost
 34560 | D:14     | Killed a lich
 34560 | D:14     | Killed wineyard's ghost
 34582 | D:14     | Identified the ring of Uskayaw's Whim {rC+ Will+ Slay+3
                  | SInv Stlth+}
 34611 | D:14     | Identified the +1 cloak of the Catamount {rC+}
 34869 | Snake:1  | Entered Level 1 of the Snake Pit
 34929 | Snake:1  | Identified the +1 scale mail "Wakau" {rF+ Will+ Int+6}
 35448 | Snake:1  | Identified the +9 trident of the Lusting Oracle {speed,
                  | Fragile rN++ rCorr}
 35667 | Snake:2  | You fall into a shaft and drop 1 floor!
 35812 | Snake:3  | Reached skill level 15 in Dodging
 36418 | Snake:3  | Reached skill level 19 in Fighting
 37222 | Snake:2  | Reached XP level 17. HP: 136/168 MP: 25/25
 38459 | Snake:4  | Entered Level 4 of the Snake Pit
 38515 | Snake:4  | Noticed Donald
 38516 | Snake:4  | Found Pyme's Antique Armour Shoppe.
 38526 | Snake:4  | Killed Donald
 38543 | Snake:4  | Found Noreac's Jewellery Emporium.
 40093 | Snake:4  | Lost mutation: You sometimes lose the ability to read
                  | scrolls when taking damage. [potion of mutation]
 40093 | Snake:4  | Gained mutation: You are strong-willed. (Will+) [potion of
                  | mutation]
 40093 | Snake:4  | Gained mutation: Your natural rate of healing is unusually
                  | fast. [potion of mutation]
 40093 | Snake:4  | Gained mutation: You possess an exceptional clarity of
                  | mind. [potion of mutation]
 40107 | Snake:4  | Noticed a quicksilver dragon
 40110 | Snake:4  | Noticed a quicksilver dragon
 40114 | Snake:4  | Killed a quicksilver dragon
 40475 | Snake:4  | Got a serpentine rune of Zot
 40657 | Shoals:1 | Entered Level 1 of the Shoals
 40741 | Shoals:1 | Reached skill level 20 in Fighting
 41149 | Shoals:1 | Identified the +3 scale mail of Wusakhon {rN+ Int-3 Dex+3}
 41266 | Shoals:1 | Noticed a kraken
 41274 | Shoals:1 | Killed a kraken
 41486 | Shoals:2 | Reached XP level 18. HP: 156/178 MP: 26/26
 41799 | Shoals:2 | Noticed Frances
 41806 | Shoals:2 | Lost mutation: You possess an exceptional clarity of mind.
                  | [a neqoxec]
 41815 | Shoals:2 | Killed Frances
 41998 | Shoals:2 | Reached XP level 19. HP: 185/185 MP: 27/27
 42030 | Shoals:2 | Cast into level 2 of the Abyss (merfolk)
 42206 | Abyss:2  | Gained mutation: Your body often deteriorates upon taking
                  | damage. [a neqoxec]
 42540 | Abyss:2  | Found a corrupted altar of Lugonu.
 42551 | Shoals:2 | Escaped the Abyss
 42676 | Shoals:2 | Acquired 1066 gold pieces
 42678 | Shoals:2 | Acquired a manual of Unarmed Combat
 44037 | Shoals:4 | Entered Level 4 of the Shoals
 44201 | Shoals:4 | Noticed Ilsuiw
 44218 | Shoals:4 | Killed Ilsuiw
 44227 | Shoals:4 | HP: 7/188 [merfolk javelineer/javelin (27)]
 44227 | Shoals:4 | Hit by a javelin thrown by a merfolk javelineer

Illustrated notes

Levels and vault maps discovered:
D:1:      minmay_arrival_checkered_box, layout_rooms,
          ebering_ecumenical_altar_abandoned, chequers_serial_rivers_micro_d,
          corexii_leaking_fountain
D:2:      layout_basic, serial_corexii_hall, corexii_hall_statues_u,
          corexii_hall_statues_l
D:3:      layout_basic, uniq_terence
D:4:      layout_cave_pods, serial_shops, shop, uniq_natasha, uniq_robin,
          uniq_pikel
D:5:      minmay_angry_zag, layout_loops_ring,
          worldfamousw_hep_ancestral_shrine, gammafunk_ghost_necromancy,
          roderic_roman_lattice, chequers_arboretum, minmay_puff, uniq_ijyb,
          uniq_prince_ribbit1
D:6:      layout_basic
D:7:      layout_loops_cross, minmay_temple_entry_hall,
          hangedman_decor_peaks_small, nicolae_water_bricks, roderic_lattice_a,
          grunt_decor_fettered, corexii_corridor_pit, nicolae_shop_self_help
D:8:      layout_basic, nicolae_ossuary_entry_ruins, uniq_joseph
D:9:      layout_roguey, grunt_gozag_statues, grunt_qazlal_sundering,
          lair_entry_dummy, orc_0_dummy, serial_aquarium, aquarium_bridge_square
          [aquarium_subvault_bridge, aquarium_subvault_bridge,
          aquarium_subvault_wall, aquarium_subvault_wall],
          aquarium_bridge_straight [aquarium_subvault_bridge,
          aquarium_subvault_window, aquarium_subvault_bridge,
          aquarium_subvault_window], aquarium_window_fake, aquarium_window_fake,
          aquarium_view_2d, grunt_decor_resistance
D:10:     layout_loops_cross, jmf_multi_god_temple2, tgw_fedhas,
          skrybe_limestone_x
D:11:     layout_loops_ring, minmay_misc_feat_roman, hangedman_ru_absence
D:12:     lemuel_flame_loot_2, layout_basic, uniq_rupert
D:13:     layout_loops_ring, david_vaults_2, gammafunk_ghost_berserking_beasts,
          minmay_checkerbox
D:14:     minmay_connected_triangles_in_corner, layout_loops_ring,
          serial_park_paths [serial_park_minivault_5x5_4],
          gammafunk_ghost_crypt, serial_shops, shop, uniq_louise, uniq_snorg
D:15:     grunt_enter_depths_hoard, layout_stronghold, serial_rivers,
          chequers_serial_rivers_marsh, chequers_serial_rivers_micro_b,
          chequers_serial_rivers_micro_c, chequers_serial_rivers_small_3,
          chequers_serial_rivers_micro_b, tso_altar, minmay_circle_x
Lair:1:   layout_chaotic_city, kennysheep_rathole
Lair:2:   layout_cave_pods, uniq_maggie
Lair:3:   layout_gridlike, serial_bayou_shore_a, minmay_lair_oklob_chamber
Lair:4:   layout_small_grid, elwin_shoals_entry_rooms, dummy_snake_entry,
          chequers_serial_rivers_room_a, infiniplex_staircase_pool,
          uniq_josephine, uniq_kirke
Lair:5:   layout_regular_city, slime_dummy, serial_bayou, serial_bayou_shore_b,
          serial_bayou_pond_c, serial_bayou_lagoon_b, serial_bayou_lake_a,
          serial_bayou_lagoon_a, serial_bayou_shore_b,
          chequers_serial_rivers_small_b, lemuel_fruit_fields,
          serial_bayou_shore_b
Lair:6:   due_jungle_book, layout_loops_ring, roderic_batcave,
          grunt_megastairs_5, lemuel_fruit_fields
Shoals:1: layout_shoals, kb_tengu_band
Shoals:2: layout_shoals, uniq_frances
Shoals:3: layout_shoals, nicolae_shoals_water_shrine
Shoals:4: shoals_end_hangedman, layout_shoals, shoal_ilsuiw,
          nicolae_shoals_beach_cooler, uniq_polyphemus
Snake:1:  layout_rooms
Snake:2:  layout_basic, st_stairs_13, guppyfry_snake_island
Snake:3:  layout_onion_interference
Snake:4:  hellmonk_snake_rune_quicksilver_temple, layout_onion,
          nicolae_snake_gridmaze_squiggle, minmay_shoptagon, uniq_donald
Orc:1:    layout_caves, portal_ice_cave_entry_pillars_2
Orc:2:    st_orc_ogre_mass, layout_caves

Skill      XL: |  1  2  3  4  5  6  7  8  9 10 11 12 13 14 15 16 17 18 19 |
---------------+----------------------------------------------------------+-----
Long Blades    | 4 5 6 |  6.2
Armour         | 1 2 4 5 6 8 9 10 11 12 | 12.3
Fighting       | 4 5 6 8 9 10 11 13 15 18 19 20 | 20.8
Dodging        | 4 5 6 7 8 9 10 11 12 14 15 16 17 | 17.3
Invocations    | 1 2 4 5 6 7 8 9 10 11 12 13 | 13.5
Short Blades   | 3 5 7 9 11 13 14 15 16 17 18 19 | 19.3
Throwing       | 4 |  4.8
Stealth        | |  1.6

Action                   |  1- 3 |  4- 6 |  7- 9 | 10-12 | 13-15 | 16-18 | 19-21 || total
-------------------------+-------+-------+-------+-------+-------+-------+-------++-------
Melee: Falchion          |    86 |   125 |       |       |       |       |       ||   211
       Headbutt          |    14 |    36 |    88 |   179 |   339 |   281 |   140 ||  1077
       Dagger            |       |    20 |   436 |   582 |   191 |       |       ||  1229
       Quick blade       |       |       |       |       |   880 |  1031 |   460 ||  2371
Throw: Javelin           |       |       |       |       |       |     5 |       ||     5
Invok: Stomp             |       |     1 |     2 |     2 |     7 |     2 |     2 ||    16
       Line Pass         |       |       |       |     2 |     4 |       |       ||     6
       Grand Finale      |       |       |       |       |     1 |     1 |     3 ||     5
Evoke: Wand              |       |       |       |    11 |    19 |     8 |     5 ||    43
       Condenser vane    |       |       |       |       |     1 |     1 |     1 ||     3
  Use: Potion            |       |       |       |     1 |     1 |     5 |       ||     7
       Scroll            |       |       |       |       |    26 |     7 |     7 ||    40
 Stab: Sleeping          |     5 |     2 |     4 |    18 |    15 |    10 |     4 ||    58
       Paralysed         |       |     3 |    17 |    40 |    94 |    98 |    30 ||   282
       Distracted        |       |       |     1 |     4 |     2 |     1 |     1 ||     9
       Confused          |       |       |       |       |     4 |       |       ||     4
Armor: Robe              |    13 |    41 |    35 |    86 |    95 |    75 |    26 ||   371
       Leather armour    |       |     8 |    53 |       |       |       |       ||    61
Dodge: Dodged            |    68 |   104 |   246 |   307 |   559 |   470 |   220 ||  1974
       Rpst.: Falchion   |    16 |    22 |       |       |       |       |       ||    38

Table legend: (Time is in decaauts)
 A = Elapsed time spent in this place.
 B = Non-inter-level travel time spent in this place.
 C = Inter-level travel time spent in this place.
 D = Time resting spent in this place.
 E = Time spent auto-exploring this place.
 F = Levels seen in this place.
 G = Mean time per level.
                   A        B        C        D        E       F      G
               +--------+--------+--------+--------+--------+-----+--------+
         Total |  42473 |  40375 |   2098 |   4839 |  29693 |  34 | 1249.2 |
       Dungeon |  20716 |  19436 |   1280 |   1800 |  15315 |  15 | 1381.1 |
          Lair |  10311 |   9863 |    448 |   1724 |   6907 |   6 | 1718.5 |
        Shoals |   2849 |   2773 |     76 |    131 |   1883 |   4 |  712.2 |
     Snake Pit |   5351 |   5115 |    236 |    777 |   3660 |   4 | 1337.8 |
  Orcish Mines |   1554 |   1498 |     56 |      0 |   1264 |   2 |  777.0 |
         Abyss |    444 |    444 |      0 |      0 |    218 |   1 |  444.0 |
       Ossuary |    454 |    454 |      0 |      0 |    304 |   1 |  454.0 |
      Ice Cave |    791 |    791 |      0 |    407 |    141 |   1 |  791.0 |
               +--------+--------+--------+--------+--------+-----+--------+

Top non-repeatable levels by time:
  Lair:6: 3195 daAuts
  Lair:4: 2053 daAuts
     D:3: 1987 daAuts
 Snake:4: 1903 daAuts
     D:5: 1678 daAuts
  Lair:2: 1600 daAuts
    D:14: 1586 daAuts
     D:2: 1582 daAuts
     D:8: 1554 daAuts
    D:13: 1514 daAuts
     D:4: 1494 daAuts
 Snake:2: 1449 daAuts
    D:15: 1424 daAuts
    D:11: 1402 daAuts
    D:10: 1370 daAuts
